 Dungeon Sprint DCSS version 0.20.1-1-g8b1a95d (webtiles) character file.

22504 Mitsuki the Warrior (level 12, -18/110 HPs)
             Began as a Demonspawn Gladiator on Sept 21, 2017.
             Was the Champion of Makhleb.
             Killed from afar by a guardian serpent (35 damage)
             ... with a bolt of poison
             ... in the Dungeon (Sprint IX: "|||||||||||||||||||||||||||||").
             The game lasted 00:25:23 (4295 turns).

Mitsuki the Warrior (Demonspawn Gladiator)          Turns: 4295, Time: 00:25:24

Health: -18/110    AC: 27    Str: 19    XL:     12   Next: 63%
Magic:  22/22      EV: 15    Int: 11    God:    Makhleb [******]
Gold:   1925       SH:  0    Dex: 17    Spells: 11/11 levels left

rFire    . . .     SeeInvis .   u - +4 scimitar (flame)
rCold    + + .     Gourm    .   (no shield)
rNeg     . . .     Faith    .   a - +4 plate armour {rC+}
rPois    .         Spirit   .   D - +1 helmet
rElec    .         Reflect  .   C - +1 cloak
rCorr    .         Harm     .   s - +0 pair of gloves
MR       +....     NoTele   +   (boots unavailable)
Stlth    ..........             (no amulet)
Regen    0.3/turn               p - +3 ring of dexterity
MPRegen  0.2/turn               z - ring of protection from magic

@: lethally poisoned (-18 -> -75)
A: hooves 3, cold resistance 1, powered by pain 1, spiny 1, sturdy frame 1
a: Minor Destruction, Lesser Servant of Makhleb, Major Destruction, Greater
Servant of Makhleb, Renounce Religion


You were in the Dungeon.
You worshipped Makhleb.
Makhleb was exalted by your worship.
You were not hungry.

You visited 1 branch You collected 1925 gold pieces.

Inventory:

Hand Weapons
 u - a +4 scimitar of flaming (weapon)
Missiles
 d - 3 throwing nets (quivered)
Armour
 a - a +4 plate armour of cold resistance (worn)
 s - a +0 pair of gloves (worn)
 C - a +1 cloak (worn)
 D - a +1 helmet (worn)
Jewellery
 p - a +3 ring of dexterity (left hand)
 x - an uncursed ring of see invisible
 z - a ring of protection from magic (right hand)
Wands
 o - a wand of iceblast (7/15)
 q - a wand of polymorph (7/24)
Scrolls
 k - 3 scrolls of blinking
 m - 5 scrolls of remove curse
 n - 2 scrolls of amnesia
 v - 2 scrolls of recharging
 w - 2 scrolls of identify
 A - 2 scrolls of enchant weapon
 B - a scroll of fear
Potions
 c - a potion of might
 e - 8 potions of curing
 g - a potion of invisibility
 h - 2 potions of haste
 i - 4 potions of magic
 j - a potion of berserk rage
 l - 10 potions of heal wounds
Comestibles
 b - 39 fruits
 f - 13 bread rations
 r - 11 meat rations


   Skills:
 + Level 15.5 Fighting
 + Level 14.5 Long Blades
 - Level 1.7 Throwing
 + Level 14.2 Armour
 + Level 14.4 Dodging
 - Level 14.1 Invocations


You had 11 spell levels left.
You didn't know any spells.

Dungeon Overview and Level Annotations

Branches:
Dungeon (1/1)

Altars:
Cheibriados
Dithmenos
Elyvilon
Fedhas
Gozag
Hepliaklqana
Kikubaaqudgha
Makhleb
Nemelex Xobeh
Okawaru
Qazlal
Ru
Sif Muna
Trog
Uskayaw
Vehumet
Xom
Yredelemnul
Zin
The Shining One
Beogh
Jiyva
Lugonu

Shops:
D %[!:


Innate Abilities, Weirdness & Mutations

You have hooves in place of feet.
Your flesh is cold resistant. (rC+)
You sometimes gain a little power by taking damage.
You are partially covered in sharp spines.
Your movements are slightly less encumbered by armour. (ER -2)


Message History

The guardian serpent hits you!
* * * LOW HITPOINT WARNING * * *
* * * LOW HITPOINT WARNING * * *
You feel very sick.
The guardian serpent is struck by your spines.
You kill the guardian serpent!
Makhleb accepts your kill.
You feel better.
You see here a long sword.
A demon appears!
* * * LOW HITPOINT WARNING * * *
You feel very sick.
The guardian serpent hits you but does no damage.
A black mamba comes into view.
* * * LOW HITPOINT WARNING * * *
You feel very sick.
The guardian serpent coils itself and waves its upper body at you.
The bolt of poison hits you!
You are more poisoned.
You die...

▓▓▓▓▓▓▓▓▓▓▓▓▓▓▓▓▓▓▓▓▓▓▓
▓..........1@S)N'N.....
▓.▓▓▓▓▓▓▓▓▓▓▓▓▓▓▓▓▓▓▓▓▓▓▓▓♣♣♣
▓............................
▓▓▓▓▓▓▓▓▓▓▓▓▓▓▓▓▓▓▓▓▓▓▓▓▓▓▓▓▓
▓().).....'.==)=)))))).)[[[).
▓.▓▓▓▓▓▓▓▓▓▓▓▓▓▓▓▓▓▓▓▓▓▓▓▓▓▓▓
▓............................
▓▓▓▓▓▓▓▓▓▓▓▓▓▓▓▓▓▓▓▓▓▓▓▓▓▓▓▓▓
▓))).......))[))()...(().)(('


You could see a naga ritualist, a guardian serpent, a naga mage and a friendly
Executioner.

Vanquished Creatures
  A frost giant (D)
  Aizul (D)
  2 stone giants (D)
  An ettin (D)
  A fire dragon (D)
  2 naga warriors (D)
  2 hydras (D)
  2 two-headed ogres (D)
  An ogre mage (D)
  2 lindwurms (D)
  5 orc knights (D)
  A manticore (D)
  An elephant (D)
  A naga mage (D)
  A guardian serpent (D)
  2 spiny frogs (D)
  A gargoyle (D)
  A komodo dragon (D)
  3 tyrant leeches (D)
  2 blink frogs (D)
  A slime creature (D)
  4 yaks (D)
  A basilisk (D)
  4 water moccasins (D)
  20 orc warriors (D)
  A sky beast (D)
  An ogre (D)
  4 centaurs (D)
  2 crocodiles (D)
  2 bullfrogs (D)
  A howler monkey (D)
  2 hounds (D)
  3 orc priests (D)
  An iguana (D)
  An orc wizard (D)
  An adder (D)
  A shadow imp (D)
  3 worms (D)
  8 orcs (D)
  A bat (D)
  A goblin (D)
  A kobold (D)
  2 rats (D)
99 creatures vanquished.

Vanquished Creatures (collateral kills)
  A rakshasa (D)
  A centaur warrior (D)
  A tengu warrior (D)
  An orc knight (D)
  A wyvern (D)
  Grum (D)
  2 orc warriors (D)
  2 wolves (D)
10 creatures vanquished.

Grand Total: 109 creatures vanquished

Notes
Turn   | Place    | Note
-------+----------+-------------------------------------------
     0 | D        | Mitsuki the Demonspawn Gladiator began the quest for the Orb.
     0 | D        | Reached XP level 1. HP: 16/16 MP: 1/1
    11 | D        | Reached skill level 1 in Armour
    82 | D        | Noticed a howler monkey
    82 | D        | Noticed an ogre
    82 | D        | Noticed a centaur
    82 | D        | Noticed a hound
    82 | D        | Noticed a hound
    91 | D        | Killed a howler monkey
    91 | D        | Reached skill level 3 in Fighting
    91 | D        | Gained mutation: You have large cloven feet. [demonic ancestry]
    91 | D        | Reached XP level 2. HP: 8/25 MP: 2/2
    91 | D        | Gained mutation: You have hoof-like feet. [demonic ancestry]
    91 | D        | Reached XP level 3. HP: 10/30 MP: 3/3
    93 | D        | Killed an ogre
    93 | D        | Reached skill level 5 in Fighting
    93 | D        | Reached skill level 5 in Long Blades
    93 | D        | Reached skill level 5 in Dodging
    93 | D        | Gained mutation: You have hooves in place of feet. [demonic ancestry]
    93 | D        | Reached XP level 4. HP: 39/39 MP: 4/4
   102 | D        | Killed a centaur
   102 | D        | Reached skill level 6 in Fighting
   102 | D        | Reached skill level 5 in Armour
   102 | D        | Gained mutation: You are partially covered in sharp spines. [demonic ancestry]
   102 | D        | Reached XP level 5. HP: 14/46 MP: 5/5
   352 | D        | Found a roughly hewn altar of Beogh.
   352 | D        | Found a snail-covered altar of Cheibriados.
   352 | D        | Found a shadowy altar of Dithmenos.
   352 | D        | Found a white marble altar of Elyvilon.
   352 | D        | Found a blossoming altar of Fedhas.
   352 | D        | Found an opulent altar of Gozag.
   353 | D        | Found a hazy altar of Hepliaklqana.
   354 | D        | Found a viscous altar of Jiyva.
   355 | D        | Found an ancient bone altar of Kikubaaqudgha.
   356 | D        | Found a corrupted altar of Lugonu.
   361 | D        | Found a burning altar of Makhleb.
   362 | D        | Found a sparkling altar of Nemelex Xobeh.
   363 | D        | Found an iron altar of Okawaru.
   364 | D        | Found a stormy altar of Qazlal.
   365 | D        | Found a sacrificial altar of Ru.
   366 | D        | Found a deep blue altar of Sif Muna.
   367 | D        | Found a bloodstained altar of Trog.
   368 | D        | Found a hide-covered altar of Uskayaw.
   369 | D        | Found a radiant altar of Vehumet.
   371 | D        | Found a shimmering altar of Xom.
   372 | D        | Found a basalt altar of Yredelemnul.
   373 | D        | Found a glowing silver altar of Zin.
   374 | D        | Found a glowing golden altar of the Shining One.
   421 | D        | Became a worshipper of Makhleb the Destroyer
   490 | D        | Noticed a yak
   490 | D        | Noticed a centaur
   490 | D        | Noticed a centaur
   490 | D        | Noticed an orc warrior
   492 | D        | Reached XP level 6. HP: 53/53 MP: 6/6
   495 | D        | Killed a yak
   495 | D        | Reached skill level 7 in Fighting
   499 | D        | Reached * piety under Makhleb
   506 | D        | Reached skill level 5 in Invocations
   506 | D        | Gained mutation: Your movements are slightly less encumbered by armour. (ER -2) [demonic ancestry]
   506 | D        | Reached XP level 7. HP: 61/61 MP: 7/10
   511 | D        | Reached ** piety under Makhleb
   511 | D        | Reached skill level 8 in Fighting
   562 | D        | Noticed a yak
   562 | D        | Noticed a four-headed hydra
   562 | D        | Noticed a manticore
   570 | D        | Killed a one-headed hydra
   570 | D        | Reached skill level 9 in Fighting
   570 | D        | Reached XP level 8. HP: 71/71 MP: 11/14
   577 | D        | Reached *** piety under Makhleb
   586 | D        | Killed a manticore
   586 | D        | Reached XP level 9. HP: 39/78 MP: 13/16
   878 | D        | Noticed a komodo dragon
   878 | D        | Noticed a spiny frog
   880 | D        | Reached skill level 10 in Fighting
   885 | D        | Killed a komodo dragon
   885 | D        | Reached **** piety under Makhleb
   885 | D        | Reached skill level 10 in Invocations
   886 | D        | Noticed a spiny frog
   888 | D        | Noticed an eight-headed hydra
   895 | D        | Killed a spiny frog
   895 | D        | Reached skill level 10 in Long Blades
   895 | D        | Reached skill level 10 in Dodging
   900 | D        | Killed a five-headed hydra
   900 | D        | Reached ***** piety under Makhleb
   900 | D        | Reached skill level 11 in Fighting
   900 | D        | Reached skill level 10 in Armour
   903 | D        | Killed a spiny frog
   903 | D        | Gained mutation: Your flesh is cold resistant. (rC+) [demonic ancestry]
   903 | D        | Reached XP level 10. HP: 52/88 MP: 17/17
  1087 | D        | Noticed an elephant
  1100 | D        | Killed an elephant
  1106 | D        | Reached ****** piety under Makhleb
  1106 | D        | Reached skill level 12 in Fighting
  1124 | D        | Noticed a lindwurm
  1124 | D        | Noticed a lindwurm
  1131 | D        | Killed a lindwurm
  1169 | D        | Killed a lindwurm
  1678 | D        | Noticed an orc knight
  1727 | D        | Killed an orc knight
  1727 | D        | Gained mutation: You sometimes gain a little power by taking damage. [demonic ancestry]
  1727 | D        | Reached XP level 11. HP: 85/97 MP: 18/18
  1733 | D        | Reached skill level 13 in Fighting
  1983 | D        | Found Rabbeoru's Food Emporium.
  1983 | D        | Noticed an orc knight
  1983 | D        | Noticed an orc knight
  1988 | D        | Noticed an orc knight
  1998 | D        | Killed an orc knight
  2053 | D        | Killed an orc knight
  2066 | D        | Killed an orc knight
  2269 | D        | Found Juomarche's Antique Armour Shoppe.
  2273 | D        | Found Osipuyggo's Distillery.
  2277 | D        | Found Aneoneda's Book Shoppe.
  2281 | D        | Noticed an orc knight
  2283 | D        | Noticed an orc knight
  2310 | D        | Killed an orc knight
  2321 | D        | Killed an orc knight
  2696 | D        | Noticed a two-headed ogre
  2696 | D        | Noticed a two-headed ogre
  2696 | D        | Noticed a tengu warrior
  2697 | D        | Noticed a rakshasa
  2702 | D        | Killed a two-headed ogre
  2707 | D        | Killed a two-headed ogre
  2714 | D        | Noticed a centaur warrior
  2774 | D        | Killed a tengu warrior
  2774 | D        | Reached skill level 14 in Fighting
  2804 | D        | Killed a rakshasa
  2808 | D        | Killed a centaur warrior
  3129 | D        | Noticed a stone giant
  3137 | D        | Noticed a fire dragon
  3164 | D        | Killed a stone giant
  3170 | D        | Killed a fire dragon
  3170 | D        | Reached XP level 12. HP: 98/108 MP: 21/21
  3176 | D        | Noticed an ogre mage
  3183 | D        | Killed an ogre mage
  3201 | D        | Noticed a frost giant
  3204 | D        | Noticed a stone giant
  3210 | D        | Killed a frost giant
  3218 | D        | Killed a stone giant
  3336 | D        | Noticed an ettin
  3433 | D        | HP: 4/108 [ettin/dire flail (34)]
  3434 | D        | Killed an ettin
  3434 | D        | Reached skill level 15 in Fighting
  3848 | D        | Noticed Grum
  3858 | D        | Killed Grum
  3917 | D        | Noticed Aizul
  3934 | D        | Killed Aizul
  4274 | D        | Noticed a naga warrior
  4274 | D        | Noticed a naga warrior
  4284 | D        | Killed a naga warrior
  4292 | D        | Killed a naga warrior
  4295 | D        | Killed from afar by a guardian serpent

Skill      XL: |  1  2  3  4  5  6  7  8  9 10 11 12 |
---------------+-------------------------------------+-----
Long Blades    | 4 5 6 7 8 9 10 12 13 14 | 14.5
Armour         | 3 4 5 6 8 10 11 13 14 | 14.2
Dodging        | 4 5 6 7 8 9 10 12 13 14 | 14.4
Fighting       | 3 5 6 7 9 11 12 14 15 | 15.5
Invocations    | 5 8 9 10 13 14 | 14.1
Throwing       | |  1.7

Action                   |  1- 3 |  4- 6 |  7- 9 | 10-12 || total
-------------------------+-------+-------+-------+-------++-------
Melee: Long sword        |    26 |    15 |       |       ||    41
       Kick              |     2 |    16 |    30 |   140 ||   188
       Scimitar          |       |    14 |    54 |   294 ||   362
Invok: Greater Servant o |       |       |       |     4 ||     4
  Use: Potion            |     1 |       |       |     1 ||     2
       Scroll            |       |       |     4 |     1 ||     5
 Stab: Distracted        |       |       |       |     3 ||     3
  Eat: Chunk             |       |       |       |     8 ||     8
       Fruit             |       |       |       |     1 ||     1
       Meat ration       |       |       |       |     1 ||     1
Armor: Leather armour    |     5 |     2 |       |       ||     7
       Chain mail        |       |     9 |    19 |       ||    28
       Plate armour      |       |       |    17 |    95 ||   112
Dodge: Dodged            |    23 |    21 |    27 |   101 ||   172
       Rpst.: Long sword |     6 |     4 |       |       ||    10
       Scimitar          |       |     4 |     7 |    23 ||    34
